 Dungeon Crawl Stone Soup version 0.27.0-1-g7a089689b8 (console) character file.

Game seed: 14285932934962557659

3701 om the Ducker (level 9, -6/72 HPs)
             Began as a Purple Draconian Ice Elementalist on Aug 10, 2021.
             Was a Follower of Vehumet.
             Mangled by Harold (19 damage)
             ... on level 7 of the Dungeon.
             The game lasted 00:27:51 (11357 turns).

om the Ducker (Purple Draconian Ice Elementalist)  Turns: 11357, Time: 00:27:52

Health: -6/72      AC:  9    Str: 12    XL:     9   Next: 91%
Magic:  17/17      EV: 14    Int: 17    God:    Vehumet [*.....]
Gold:   249        SH:  0    Dex: 12    Spells: 11/19 levels left

rFire    . . .     SeeInvis .   s - +9 dagger of Calamity {holy, rC+}
rCold    + . .     Faith    .   (no shield)
rNeg     . . .     Spirit   .   (armour unavailable)
rPois    .         Reflect  .   (helmet restricted)
rElec    .         Harm     .   k - +0 cloak
rCorr    .         Rampage  .   x - +0 pair of gloves
Will     +....                  (no boots)
Stlth    +.........             (no amulet)
HPRegen  0.22/turn              (no ring)
MPRegen  0.15/turn              (no ring)

@: confused, short of breath, ambrosia-drunk, marked
A: breathe power, AC +7, unfitting armour, cold-blooded
a: Breathe Dispelling Energy, Renounce Religion


You were on level 7 of the Dungeon.
You worshipped Vehumet.
Vehumet was aware of your devotion.
You visited 1 branch of the dungeon, and saw 7 of its levels.
You also visited: Sewer.

You collected 389 gold pieces.
You spent 140 gold pieces at shops.

Inventory:

Hand Weapons
 a - a +1 dagger of freezing
 l - a +2 dagger of venom
 s - the +9 dagger of Calamity (weapon) {holy, rC+}
   (You bought it in a shop on level 6 of the Dungeon)

   It has been blessed by the Shining One to cause great damage to the undead
   and demons.
   rC:        It protects you from cold.
Armour
 k - a +0 cloak (worn)
 x - a +0 pair of gloves (worn)
Jewellery
 u - an amulet of regeneration
Wands
 b - a wand of paralysis (4)
 h - a wand of digging (7)
 m - a wand of flame (5)
 p - a wand of iceblast (9)
Scrolls
 e - a scroll of holy word {unknown}
 f - 2 scrolls of magic mapping
 q - 2 scrolls of identify
 r - a scroll of fear {unknown}
 t - 4 scrolls of noise {unknown}
 v - a scroll of brand weapon
 w - a scroll of immolation {unknown}
 y - a scroll of enchant armour {unknown}
Potions
 c - 2 potions of flight
 d - 3 potions of brilliance
 g - a potion of might {unknown}
 i - a potion of degeneration {unknown}
 j - a potion of haste
 n - 2 potions of ambrosia
 o - a potion of berserk rage {unknown}


   Skills:
 * Level 4.4 Fighting
 - Level 6.0 Short Blades
 * Level 7.2 Dodging
 - Level 5.0 Stealth
 + Level 5.5 Spellcasting
 * Level 6.5 Ice Magic
 * Level 4.4 Evocations


You had 11 spell levels left.
You knew the following spells:

 Your Spells              Type           Power      Damage    Failure   Level
a - Freeze                Ice            100%       1d11      1%          1
b - Frozen Ramparts       Ice            54%        1d7       2%          3
c - Ozocubu's Armour      Ice            27%        N/A       2%          3
d - Foxfire               Conj/Fire      16%        2x1d4     14%         1

Your spell library contained the following spells:

 Spells                   Type           Power      Damage    Failure   Level
 Corpse Rot               Necr/Air       N/A        N/A       21%         2
 Hailstorm                Conj/Ice       15%        3d5       34%         4
 Dispel Undead            Necr           4%         3d7       80%         4
 Olgreb's Toxic Radiance  Pois           4%         N/A       80%         4
 Death Channel            Necr           2%         N/A       100%        6
 Ozocubu's Refrigeration  Ice            13%        4d7       100%        7
 Ignition                 Fire           2%         3d3       100%        8


Dungeon Overview and Level Annotations

Branches:
Dungeon (7/15)             Temple (0/1) D:5           Sewer (visited)

Altars:
Elyvilon
Hepliaklqana
Kikubaaqudgha
Ru
Uskayaw
Vehumet
Zin
The Shining One

Shops:
D:3 :   D:6 (

Annotations:
D:6 1 runed translucent door, avis's ghost, novice OpTm
D:7 exclusion: two-headed ogre, Harold; Maggie


Innate Abilities, Weirdness & Mutations

You can breathe bolts of dispelling energy.
Your rich purple scales are hard. (AC +7)
You cannot fit into any form of body armour.
You are cold-blooded and may be slowed by cold attacks.


Message History

Aim: Harold, wielding a +0 dire flail, wearing a +0 chain mail, quivering a throwing net and carrying a wand of polymorph (6) (lightly wounded, chance to affect: 25%) Harold resists with almost no effort.
The wall freezes Harold.
Harold hits you with a +0 dire flail!
Aiming: Paralyse
Press: ? - help, Shift-Dir - straight line, f/p - Harold
Aim: Harold, wielding a +0 dire flail, wearing a +0 chain mail, quivering a throwing net and carrying a wand of polymorph (6) (lightly wounded, chance to affect: 25%) Harold resists with almost no effort.
The wall freezes Harold.
Harold points at you and mumbles some strange words.
A sentinel's mark forms upon you.
Aiming: Paralyse
Press: ? - help, Shift-Dir - straight line, f/p - Harold
Aim: Harold, wielding a +0 dire flail, wearing a +0 chain mail, quivering a throwing net and carrying a wand of polymorph (6) (moderately wounded, chance to affect: 25%) Harold resists with almost no effort.
The wall freezes Harold!
Harold zaps a wand.
You resist with almost no effort.
You struggle against the net.
The wall freezes Harold.
Harold hits you with a +0 dire flail.
Aiming: Paralyse
Press: ? - help, Shift-Dir - straight line, f/p - Harold
Aim: Harold, wielding a +0 dire flail, wearing a +0 chain mail, quivering a throwing net and carrying a wand of polymorph (5) (moderately wounded, chance to affect: 25%) Harold resists with almost no effort.
The wall freezes Harold!
Harold hits you with a +0 dire flail!
Aiming: Paralyse
Press: ? - help, Shift-Dir - straight line, f/p - Harold
Aim: Harold, wielding a +0 dire flail, wearing a +0 chain mail, quivering a throwing net and carrying a wand of polymorph (5) (heavily wounded, chance to affect: 25%) Harold resists with almost no effort.
The wall freezes Harold!
Harold hits you with a +0 dire flail.
* * * LOW HITPOINT WARNING * * *
You shred the net and break free!
The wall freezes Harold.
Harold hits you with a +0 dire flail!!
* * * LOW HITPOINT WARNING * * *
Okay, then.
Okay, then.
Okay, then.
It was a potion of ambrosia.
You are confused.
You feel invigorated.
The wall freezes Harold.
Harold zaps a wand.
You resist with almost no effort.
Your frozen ramparts will break if you move.
Continue? [Y]es or [N]o only, please.
Your frozen ramparts will break if you move.
Continue? [Y]es or [N]o only, please.
Your frozen ramparts will break if you move.
Continue? [Y]es or [N]o only, please.
Your frozen ramparts will break if you move.
Continue?
Okay, then.
The frozen ramparts melt away.
Harold hits you with a +0 dire flail!!
You die...

.### #......#.########...........
.# #.##.#.### #.##..#.###. .#
#.##.#.# #.##..#.###. .#
#.##...##### #.##.....##. .#
#.##.......######.###.....#.
.#####......###.#......###.#...#.
........#..####.#................
........#..#..........####.#...##
........#...#####.#...# #.#.#.#
.#.####..####...@.#...# #.....#
.#.# ####.....#@.##### ###.###
.#.# #..###.#(.# #.# .#O#
##..##...#.####### #.# .#.##
#..##...##.#.....#####.# ....#
#.##....#..###...)..##.#
.##.###.#..[.##†## #.#.##.##.#
### ##..#...##..# #)#.##.##.#
.....#....###..## #.#.......#
###.##.####...## #.####.####
.....#......### #......#
.........#### ########


You could see Harold.

Vanquished Creatures
  Pikel (D:7)
  Grinder (D:5)
  Sigmund (D:2)
  Menkaure (D:5)
  A water moccasin (D:7)
  An orc warrior (D:6)
  3 black bears
  A hornet zombie (D:6)
  2 sky beasts
  A necrophage (D:5)
  5 ogres
  2 lemures (D:7)
  A centaur (D:7)
  A kobold brigand (Sewer)
  A phantom (D:5)
  A wyvern zombie (D:7)
  2 bullfrogs (D:7)
  2 scorpions
  A howler monkey (D:7)
  A centaur zombie (D:7)
  A hound (D:4)
  Crazy Yiuf (D:3)
  3 orc priests
  A bullfrog skeleton (D:5)
  A centaur skeleton (D:6)
  Jessica (D:2)
  2 gnoll shamans
  4 iguanas
  Natasha (thrice) (D:2)
  3 orc wizards
  Robin (D:2)
  A howler monkey skeleton (D:7)
  3 river rats (Sewer)
  6 adders
  10 gnolls
  An adder skeleton (D:4)
  2 worms
  2 dart slugs
  18 orcs
  5 ball pythons
  10 endoplasms
  6 giant cockroaches
  13 goblins
  11 hobgoblins
  11 jackals
  14 kobolds
  5 quokkas
  3 bats (D:1)
  6 frilled lizards
  4 rats
182 creatures vanquished.

Vanquished Creatures (others)
  A plant (D:7)
1 creature vanquished.

Grand Total: 183 creatures vanquished

Notes
Turn   | Place    | Note
-------+----------+-------------------------------------------
     0 | D:1      | om the Draconian Ice Elementalist began the quest for the
                  | Orb.
     0 | D:1      | Reached XP level 1. HP: 14/14 MP: 3/3
   136 | D:1      | Reached skill level 2 in Dodging
   485 | D:1      | Reached XP level 2. HP: 20/20 MP: 3/5
  1155 | D:1      | Reached XP level 3. HP: 19/26 MP: 4/6
  2087 | D:2      | Noticed Robin
  2109 | D:1      | Learned a level 3 spell: Frozen Ramparts
  2155 | D:2      | Noticed Jessica
  2159 | D:2      | Killed Jessica
  2160 | D:2      | Reached XP level 4. HP: 33/33 MP: 3/7
  2167 | D:2      | Killed Robin
  2168 | D:2      | Reached skill level 3 in Dodging
  2279 | D:2      | Noticed Natasha
  2285 | D:2      | Killed Natasha
  2561 | D:2      | Noticed Sigmund
  2581 | D:2      | Reached XP level 5. HP: 38/38 MP: 6/9
  2614 | D:2      | Noticed Natasha
  2619 | D:2      | Killed Natasha
  2699 | D:2      | Found a faded altar of an unknown god.
  2742 | D:2      | Noticed Natasha
  2748 | D:2      | Killed Natasha
  3306 | D:3      | Found Buohalila's Book Shoppe.
  3660 | D:3      | Found a runed translucent door.
  3661 | D:3      | Noticed Crazy Yiuf
  3880 | D:3      | Killed Crazy Yiuf
  4242 | D:4      | Found a sacrificial altar of Ru.
  4320 | D:4      | Reached XP level 6. HP: 31/45 MP: 7/10
  4536 | D:4      | Identified the +11 falchion of Paper {vorpal, +Blink rElec
                  | Str-5 Dex-2}
  4547 | D:4      | Reached skill level 4 in Dodging
  4602 | D:4      | Reached skill level 5 in Ice Magic
  4929 | D:4      | Found a radiant altar of Vehumet.
  4971 | D:4      | Found a hide-covered altar of Uskayaw.
  5029 | D:4      | Became a worshipper of Vehumet
  5387 | D:5      | Entered Level 5 of the Dungeon
  5402 | D:5      | Found an ancient bone altar of Kikubaaqudgha.
  5441 | D:5      | Reached skill level 1 in Short Blades
  5441 | D:5      | Your scales start taking on a rich purple colour.
  5441 | D:5      | Reached XP level 7. HP: 23/50 MP: 4/13
  5492 | D:5      | Found a staircase to the Ecumenical Temple.
  5517 | D:5      | Found a glowing drain.
  5528 | Sewer    | Entered a sewer
  5536 | Sewer    | Reached skill level 5 in Dodging
  5807 | Sewer    | Found a glowing silver altar of Zin.
  5932 | D:5      | Noticed Grinder
  5965 | D:5      | Killed Grinder
  5966 | D:5      | Reached XP level 8. HP: 36/57 MP: 11/14
  6081 | D:5      | Found a hazy altar of Hepliaklqana.
  6330 | D:5      | Noticed Menkaure
  6341 | D:5      | Learned a level 3 spell: Ozocubu's Armour
  6360 | D:5      | Killed Menkaure
  6361 | D:5      | Reached skill level 6 in Dodging
  6695 | D:2      | Killed Sigmund
  6696 | D:2      | Reached skill level 5 in Short Blades
  6774 | D:2      | Found a faded altar of an unknown god.
  7916 | D:5      | Reached skill level 1 in Fighting
  7916 | D:5      | Reached skill level 1 in Evocations
  8580 | D:6      | Reached * piety under Vehumet
  8580 | D:6      | Offered knowledge of Foxfire by Vehumet.
  8621 | D:6      | Learned a level 1 spell: Foxfire
  8924 | D:6      | Reached XP level 9. HP: 26/67 MP: 13/16
  9167 | D:6      | Found Cego Veu's Antique Weapon Boutique.
  9188 | D:6      | Bought a steaming dagger for 140 gold pieces
  9188 | D:6      | Identified the +9 dagger of Calamity {holy, rC+} (You
                  | bought it in a shop on level 6 of the Dungeon)
  9392 | D:6      | Reached skill level 5 in Spellcasting
  9553 | D:6      | Found a runed translucent door.
  9554 | D:6      | Noticed avis's ghost (novice OpTm)
 10333 | D:7      | Found a glowing golden altar of the Shining One.
 10333 | D:7      | Found a white marble altar of Elyvilon.
 10333 | D:7      | Found a glowing silver altar of Zin.
 10557 | D:7      | Noticed a two-headed ogre
 10589 | D:7      | Noticed Maggie
 10666 | D:7      | Noticed Pikel
 10733 | D:7      | Killed Pikel
 10734 | D:7      | Reached skill level 7 in Dodging
 10734 | D:7      | Reached skill level 5 in Stealth
 11053 | D:7      | Noticed Harold
 11355 | D:7      | HP: 3/72 [Harold (18)]
 11357 | D:7      | Mangled by Harold

Illustrated notes

Levels and vault maps discovered:
D:1:      amcnicky_arrival_underground_garden, layout_loops_ring,
          kennysheep_small_spiral
D:2:      layout_loops_ring, basic_ecumenical_altar, uniq_robin, uniq_natasha,
          uniq_jessica, uniq_sigmund
D:3:      layout_rooms, serial_shops, nicolae_shop_statue_plus,
          uniq_crazy_yiuf_cottage
D:4:      layout_basic, mainiacjoe_overflow_catch_the_wave,
          vehumet_altar_wand_db
D:5:      layout_layer_cave, mainiacjoe_overflow_surrounded_room,
          mainiacjoe_overflow_six_doors_small, minmay_temple_entry_large_hall,
          portal_sewer_entry_f, uniq_grinder, uniq_menkaure
D:6:      layout_loops_ring, ebering_ghost_reflecting_pool, serial_shops,
          nicolae_shop_waterfront, hangedman_decor_diamond_cutter
D:7:      minmay_evil_eye, layout_loops_cross, good_gods_mini_temple,
          uniq_maggie, uniq_harold, uniq_pikel

Skill      XL: |  1  2  3  4  5  6  7  8  9 |
---------------+----------------------------+-----
Dodging        | 2 3 4 5 6 7 |  7.2
Stealth        | 2 3 5 |  5.0
Spellcasting   | 3 4 5 |  5.5
Ice Magic      | 5 6 |  6.5
Short Blades   | 1 3 6 |  6.0
Fighting       | 2 4 |  4.4
Evocations     | 2 4 |  4.4

Action                   |  1- 3 |  4- 6 |  7- 9 || total
-------------------------+-------+-------+-------++-------
Melee: Dagger            |    55 |    78 |   221 ||   354
       Tailslap          |     1 |     5 |    19 ||    25
       Quarterstaff      |       |     9 |       ||     9
 Cast: Freeze            |    39 |    38 |    34 ||   111
       Frozen Ramparts   |     2 |    10 |    28 ||    40
       Ozocubu's Armour  |       |       |     7 ||     7
 Abil: Breathe Dispellin |       |       |    16 ||    16
Evoke: Wand              |       |       |    11 ||    11
  Use: Scroll            |     4 |     7 |     4 ||    15
       Potion            |       |     2 |     7 ||     9
 Stab: Sleeping          |     2 |     8 |     6 ||    16
Armor: Skin              |    36 |    33 |    83 ||   152
Dodge: Dodged            |    91 |    71 |   173 ||   335
